AoeStats
← 874891765

Arabia

505420218Analyzed
2v2 RM · 24d ago on Sep 9, 2026· 32m 1s· 4 players
Game mode
Random Map
Map size
Medium (4 player)
Population
200
Speed
Normal
Resources
Standard
Victory
Conquest
Starting age
Dark Age
Ending age
Imperial Age
RankedLock teamsTeams togetherTeam positionsShared explorationLock speedFull tech treeHidden civsTurbo modeCheats
Victory
Defeat
🇦🇺 Mongols · Australia
1122
+11
🇦🇺 Slavs · Australia
1079
+13
🇦🇷 Turks · Argentina
1058
-14
🇨🇳 Chinese · China
952
-33
Ochen
10:32 Feudal Age
16:47 Castle Age
15:24 Double-Bit Axe
17:56 Bow Saw
17:33 Horse Collar
874891765
11:36 Feudal Age
12:56 Double-Bit Axe
19:06 Castle Age
17:12 Gold Mining
18:16 Fletching
20:23 Bow Saw
21:55 Gold Shaft Mining
21:13 Stone Mining
21:59 Padded Archer Armor
25:16 Scale Barding Armor
25:22 Forging
26:12 Light Cavalry
27:04 Bloodlines
26:55 Husbandry
Trollociraptor
9:49 Loom
11:35 Feudal Age
17:59 Castle Age
18:57 Pikeman
19:41 Squires
23:10 Double-Bit Axe
Rocinante
7:17 Loom
9:03 Feudal Age
8:43 Loom
10:29 Feudal Age
15:06 Castle Age
15:16 Double-Bit Axe
15:12 Horse Collar
18:59 Bloodlines
19:21 Husbandry
19:38 Scale Barding Armor
24:07 Wheelbarrow
25:24 Forging
26:39 Bow Saw
26:38 Heavy Plow
28:16 Iron Casting
30:38 Chain Barding Armor
30:37 Hand Cart
Connection lost

Rejoining the realm…

Still unreachable

The connection could not be restored.

Session expired

The server has moved on; the page needs a fresh start.